AoeStats
← TheQuietRiot

Arena

508249877Analyzed
1v1 RM · 11d ago on Sep 21, 2026· 41m 41s· 2 players
Game mode
Random Map
Map size
Tiny (2 player)
Population
200
Speed
Normal
Resources
Standard
Victory
Conquest
Starting age
Dark Age
Ending age
Imperial Age
RankedLock teamsTeams togetherTeam positionsShared explorationLock speedFull tech treeHidden civsTurbo modeCheats
Victory
Defeat
🇺🇸 Koreans · United States
959
+17
🇬🇧 Britons · United Kingdom
971
-17
Gil-Galad
10:51 Feudal Age
15:03 Castle Age
12:58 Double-Bit Axe
13:20 Horse Collar
13:37 Loom
16:07 Wheelbarrow
16:30 Bow Saw
22:55 Town Watch
23:15 Stone Mining
23:51 Gold Mining
27:46 Gold Shaft Mining
27:58 Hand Cart
27:53 Fletching
28:17 Heavy Plow
32:54 Imperial Age
30:56 Elite Skirmisher
32:29 Ballistics
32:14 Town Patrol
32:35 Bodkin Arrow
32:51 Forging
32:43 Scale Mail Armor
33:18 Thumb Ring
33:56 Conscription
36:12 Chemistry
35:18 Siege Engineers
35:47 Bracer
36:03 Chain Mail Armor
36:23 Iron Casting
38:34 Stone Shaft Mining
39:21 Plate Mail Armor
40:15 Elite War Wagon
TheQuietRiot
7:27 Loom
7:35 Loom
9:41 Feudal Age
11:46 Double-Bit Axe
11:46 Horse Collar
16:32 Castle Age
15:52 Gold Mining
15:53 Stone Mining
20:32 Wheelbarrow
20:15 Bow Saw
20:51 Heavy Plow
23:56 Town Watch
24:06 Fletching
25:24 Padded Archer Armor
25:51 Yeomen
26:57 Ballistics
27:37 Bodkin Arrow
28:33 Hand Cart
29:03 Leather Archer Armor
30:50 Treadmill Crane
31:27 Squires
30:48 Man-at-Arms
32:02 Town Patrol
35:03 Imperial Age
32:36 Gambesons
32:20 Long Swordsman
32:47 Arson
33:36 Forging
33:28 Scale Mail Armor
32:54 Pikeman
34:22 Gold Shaft Mining
36:13 Conscription
38:41 Bracer
39:14 Ring Archer Armor
39:20 Iron Casting
39:00 Chain Mail Armor
38:53 Scale Barding Armor
38:11 Light Cavalry
38:52 Husbandry
Connection lost

Rejoining the realm…

Still unreachable

The connection could not be restored.

Session expired

The server has moved on; the page needs a fresh start.